 Dungeon Crawl Stone Soup version 0.18.1-47-g9310371 (webtiles) character file.

359 sveltemanboy the Cudgeler (level 6, 0/65 HPs)
             Began as an Ogre Hunter on June 17, 2016.
             Slain by an orc wizard
             ... wielding a +0 dagger
              (1 damage)
             ... on level 3 of the Dungeon.
             The game lasted 00:10:41 (3316 turns).

sveltemanboy the Cudgeler (Ogre Hunter)             Turns: 3316, Time: 00:10:42

Health: 0/65       AC:  3    Str: 20    XL:     6   Next: 65%
Magic:  0/6        EV:  7    Int: 10    God:
Gold:   108        SH:  7    Dex: 10    Spells: 0 memorised, 5 levels left

rFire  . . .     SeeInvis .     k - +0 flail (curse)
rCold  . . .     Gourm    .     b - +0 robe
rNeg   . . .     Faith    .     p - +0 shield
rPois  .         Spirit   +     (helmet restricted)
rElec  .         Dismiss  .     (no cloak)
rCorr  .         Reflect  .     (gloves unavailable)
SustAt .         Harm     .     (boots unavailable)
MR     .....                    q - amulet of guardian spirit
Stlth  +.........               (no ring)
                                (no ring)

@: heavily drained, not resistant to hostile enchantments, very unstealthy
A: unfitting armour, tough skin 1
a: no special abilities


You were on level 3 of the Dungeon.
You were not hungry.

You visited 1 branch of the dungeon, and saw 3 of its levels.

You collected 108 gold pieces.

Inventory:

Hand Weapons
 k - a cursed +0 flail (weapon)
Missiles
 a - 72 stones (quivered)
 d - 2 throwing nets
Armour
 b - a +0 robe (worn)
 p - a +0 shield (worn)
Jewellery
 q - an amulet of guardian spirit (around neck)
Wands
 m - a wand of polymorph (4/24)
 n - a wand of random effects (0/48)
Scrolls
 e - a scroll of teleportation {unknown}
 i - 2 scrolls of remove curse
Potions
 h - a potion of lignification
Comestibles
 f - 2 bread rations
 g - a meat ration
 j - 5 chunks of flesh
 o - a slice of pizza


   Skills:
 + Level 4.8(3.3) Fighting
 * Level 5.0(3.5) Maces & Flails
 - Level 4.2(2.7) Throwing
 - Level 0.4(0.0) Armour
 - Level 2.6(1.2) Dodging
 - Level 0.7(0.0) Stealth
 * Level 2.4(1.0) Shields


You had 5 spell levels left.
You didn't know any spells.

Dungeon Overview and Level Annotations

Branches:
Dungeon (3/15)

Altars:


Innate Abilities, Weirdness & Mutations

You are too large for most types of armour.
You have tough skin (AC +1).


Message History

Your shield prevents you from hitting the wight.
The wight is moderately damaged.
You block the wight's attack. x2
Your shield prevents you from hitting the wight.
The wight is moderately damaged.
The orc wizard casts a spell.
The orc wizard blinks!
You block the wight's attack.
You closely miss the wight.
The wight is moderately damaged.
You block the orc wizard's attack. You block the wight's attack.
The orc wizard barely misses you.
You thump the wight!
The wight is almost destroyed.
The orc wizard casts a spell at you. The magic dart hits you!
* * * LOW HITPOINT WARNING * * *
The wight hits you with an enchanted spear.
* * * LOW HITPOINT WARNING * * *
The orc wizard hits you with a dagger.
You die...

#.. #(# .#
#.#.####(##..#
#.# ...#o# ..#
#.# #(#(##..#
#.# #(.)....##
#.# ##l..##....
##.##
#...##.###
#...####oo.##.#
#...o@z{lo....#
#...####o..##.#
##)## #)..##.##
#.# #b..##...
#.#####......##
#............#
#######......#
#......#
#......#


You could see a wight, an orc wizard, 4 orcs and a giant gecko.

Vanquished Creatures
  4 wights (D:3)
  Jessica (D:2)
  Ijyb (D:2)
  Robin (D:2)
  5 adders (D:2)
  A worm (D:2)
  2 dart slugs
  6 giant geckos (D:1)
  5 orcs (D:3)
  A giant cockroach (D:1)
  14 goblins
  10 hobgoblins
  A quokka (D:2)
  6 bats
  4 giant newts
  7 kobolds
  6 rats
75 creatures vanquished.

Notes
Turn   | Place    | Note
--------------------------------------------------------------
     0 | D:1      | sveltemanboy the Ogre Hunter began the quest for the Orb.
     0 | D:1      | Reached XP level 1. HP: 22/22 MP: 1/1
   328 | D:1      | Reached XP level 2. HP: 31/31 MP: 2/2
   915 | D:1      | Reached XP level 3. HP: 35/37 MP: 3/3
  1222 | D:1      | Reached skill level 1 in Maces & Flails
  1364 | D:2      | Noticed Robin
  1658 | D:2      | Reached skill level 2 in Maces & Flails
  1733 | D:2      | Reached XP level 4. HP: 44/48 MP: 4/4
  1963 | D:2      | Killed Robin
  2014 | D:2      | Reached skill level 3 in Maces & Flails
  2203 | D:2      | Reached XP level 5. HP: 39/54 MP: 2/5
  2507 | D:2      | Noticed Jessica
  2508 | D:2      | Killed Jessica
  2621 | D:2      | Noticed Ijyb
  2627 | D:2      | Killed Ijyb
  2627 | D:2      | Reached skill level 1 in Shields
  2769 | D:3      | Reached skill level 4 in Maces & Flails
  2844 | D:3      | Reached XP level 6. HP: 63/63 MP: 6/6
  2887 | D:3      | HP: 4/94 [wight/flail (3)]
  3288 | D:3      | Reached skill level 5 in Maces & Flails
  3316 | D:3      | HP: 1/65 [wight/enchanted spear (5)]
  3316 | D:3      | Slain by an orc wizard

Skill      XL: |  1  2  3  4  5  6 |
---------------+-------------------+-----
Fighting       | 3 4 |  4.8
Dodging        | 2 |  2.6
Maces & Flails | 2 3 4 5 |  5.0
Shields        | 1 2 |  2.4
Throwing       | |  4.2
Armour         | |  0.4
Stealth        | |  0.7

Action                   |  1- 3 |  4- 6 || total
-------------------------+-------+-------++-------
Melee: Unarmed           |    35 |     9 ||    44
       Short sword       |     7 |       ||     7
       Club              |    19 |       ||    19
       Whip              |    33 |   117 ||   150
       Flail             |       |    28 ||    28
Throw: Stone             |    95 |    48 ||   143
       Large rock        |     3 |    11 ||    14
       Throwing net      |     4 |       ||     4
Evoke: Wand              |       |     5 ||     5
  Use: Scroll            |       |     1 ||     1
       Potion            |       |     3 ||     3
  Eat: Chunk             |     3 |     3 ||     6
       Pizza             |       |     1 ||     1
Armor: Robe              |    29 |    36 ||    65
       Skin              |       |     1 ||     1
Dodge: Dodged            |    55 |    72 ||   127
Block: Shield            |       |    26 ||    26
